 Dungeon Crawl Stone Soup version 0.30-a0-919-g9323dee000 (webtiles) character file.

Game seed: 2828239926689515655

3 Conn the Firebug (level 1, -3/11 HPs)
             Began as an Octopode Fire Elementalist on Mar 21, 2023.
             Slain by a kobold
             ... wielding a +0 whip
              (4 damage)
             ... on level 1 of the Dungeon.
             The game lasted 00:00:22 (286 turns).

Conn the Firebug (Octopode Fire Elementalist)        Turns: 286, Time: 00:00:22

Health: -3/11      AC:  1    Str:  7    XL:     1   Next: 50%
Magic:  1/3        EV: 13    Int: 17    God:
Gold:   49         SH:  0    Dex: 12    Spells: 3/4 levels left

rFire   . . .      SeeInvis .    (no weapon)
rCold   . . .      Faith    .    (no shield)
rNeg    . . .      Spirit   .    (helmet restricted)
rPois   .          Reflect  .    (no amulet)
rElec   .          Rampage  .    (no ring)
rCorr   .                        (no ring)
Will    .....                    (no ring)
Stlth   +++                      (no ring)
HPRegen 0.21/turn                (no ring)
MPRegen 0.08/turn                (no ring)
                                 (no ring)
                                 (no ring)

@: very slightly contaminated
A: almost no armour, amphibious, 8 rings, camouflage 1, gelatinous body 1,
(nimble swimmer 1), tentacles
a: no special abilities


You were on level 1 of the Dungeon.
You visited 1 branch of the dungeon, and saw 1 of its levels.

You collected 49 gold pieces.

Inventory:

Scrolls
 b - a scroll of fear {unknown}
Potions
 a - a potion of magic


   Skills:
 + Level 2.0 Dodging
 + Level 2.6 Stealth
 + Level 2.0 Spellcasting
 + Level 1.0 Conjurations
 + Level 3.2 Fire Magic


You had 3 spell levels left.
You knew the following spells:

 Your Spells              Type           Power      Damage    Failure   Level
a - Foxfire               Conj/Fire      32%        2x1d5     9%          1

Your spell library contained the following spells:

 Spells                   Type           Power      Damage    Failure   Level
 Scorch                   Fire           24%        2d6       8%          2
 Inner Flame              Hex/Fire       7%         N/A       30%         3
 Kindle Blastsparks       Fire/Tloc/Air  10%        2d10      36%         3
 Flame Wave               Conj/Fire      8%         2d5       63%         4


Dungeon Overview and Level Annotations

Branches:
Dungeon (1/15)

Altars:


Innate Abilities, Weirdness & Mutations

You cannot wear most types of armour.
You are amphibious.
You can wear up to eight rings at the same time.
Your skin changes colour to match your surroundings (Stealth+).
Your rubbery body absorbs attacks. (AC +1, EV +1)
((You are camouflaged when in or above water. (Stealth+)))
You have tentacles for arms and can constrict up to eight enemies at once.


Message History

The quokka bites you.
You tentacle-slap the quokka but do no damage.
The quokka is severely wounded.
You constrict the quokka, but do no damage.
The quokka bites you.
You tentacle-slap the quokka.
You kill the quokka!
You see here a quokka corpse.
HP restored.
Found a stone staircase leading down.
You now have 49 gold pieces (gained 18).
You open the door.
There is an open door here.
There is an open door here.
You open the door.
A kobold comes into view. It is wielding a +0 whip.
There is an open door here.
The helpless kobold fails to defend itself.
You tentacle-slap the kobold but do no damage.
Your grab misses the kobold. The kobold misses you.
You closely miss the kobold. Your grab misses the kobold.
The kobold hits you with a +0 whip.
You barely miss the kobold. Your grab misses the kobold.
The kobold hits you with a +0 whip.
You tentacle-slap the kobold but do no damage.
Your grab misses the kobold. The kobold barely misses you.
Unknown command.
Casting: Foxfire (safe; 9% risk of failure)
Confirm with . or Enter, or press ? or * to list all spells.
You miscast Foxfire.
You are very lightly contaminated with residual magic.
Nothing appears to happen.
The kobold hits you with a +0 whip.
* * * LOW HITPOINT WARNING * * *
Unknown command.
Unknown command.
Unknown command.
Casting: Foxfire (safe; 9% risk of failure)
Confirm with . or Enter, or press ? or * to list all spells.
You conjure some foxfire!
The kobold hits you with a +0 whip.
You die...

#..<..# #...## #.# #.###.#
#.#..####.# #.....# #....'.##.#
###.### #.#..#.##.# #'#
#...##.##.#
#########.###########.##.####
#...........................# #
#.#####.########v#######..#.##.#
#.#####.#### #@# #.....#...
#.##..#.#..##...Kv..#.....#.# #
#.###.#'#.####..8..##.......#####
#.# #.....# ##...###....>#......
#.######### ##### #....#######.
..^######### #....# #.
...........# ###### #†
##.#.#.###.# #. #.#.#...#.# #.


You could see a kobold (ally target).

Vanquished Creatures
  A bat (D:1)
  A quokka (D:1)
  A ball python (D:1)
3 creatures vanquished.

Vanquished Creatures (others)
  6 foxfires (D:1)
6 creatures vanquished.

Grand Total: 9 creatures vanquished

Notes
Turn   | Place    | Note
-------+----------+-------------------------------------------
     0 | D:1      | Conn the Octopode Fire Elementalist began the quest for the
                  | Orb.
     0 | D:1      | Reached XP level 1. HP: 11/11 MP: 3/3
   286 | D:1      | Slain by a kobold

Illustrated notes

Levels and vault maps discovered:
D:1:      dpeg_arrival_renting, layout_basic, serial_shops,
          nicolae_shop_temple_entry_statues_fountains, kennysheep_another_room

Action                     || total
---------------------------++-------
  Melee: Unarmed           ||     9
         Constrict         ||     1
         Tentacles         ||     1
   Cast: Foxfire           ||     4
   Stab: Sleeping          ||     1
  Dodge: Dodged            ||     4

Table legend: (Time is in decaauts)
 A = Elapsed time spent in this place.
 B = Non-inter-level travel time spent in this place.
 C = Inter-level travel time spent in this place.
 D = Time resting spent in this place.
 E = Time spent auto-exploring this place.
 F = Levels seen in this place.
 G = Mean time per level.
                   A        B        C        D        E       F      G
               +--------+--------+--------+--------+--------+-----+--------+
         Total |    286 |    286 |      0 |      0 |    251 |   1 |  286.0 |
       Dungeon |    286 |    286 |      0 |      0 |    251 |   1 |  286.0 |
               +--------+--------+--------+--------+--------+-----+--------+

Top non-repeatable levels by time:
     D:1: 286 daAuts
